 Dungeon Crawl Stone Soup version 0.29.1-1-gd02db6906a (webtiles) character file.

Game seed: 11918789922863598909

2681 sleeves the Cudgeller (level 9, -6/105 HPs)
             Began as a Palentonga Ice Elementalist on Sept 28, 2022.
             Was a Priest of Okawaru.
             Shot with an arrow by a centaur (8 damage)
             ... on level 7 of the Dungeon.
             The game lasted 00:28:11 (11097 turns).

sleeves the Cudgeller (PaIE)                       Turns: 11097, Time: 00:28:12

Health: -6/105     AC: 13    Str: 15    XL:     9   Next: 37%
Magic:  6/13       EV: 11    Int: 18    God:    Okawaru [***...]
Gold:   208        SH:  0    Dex: 11    Spells: 5/12 levels left

rFire   . . .      SeeInvis +   b - +0 whip (elec)
rCold   . . .      Faith    .   (no shield)
rNeg    . . .      Spirit   .   p - +1 robe "Yfefrunn" {Rampage rCorr}
rPois   .          Reflect  .   (no helmet)
rElec   .          Harm     .   (no cloak)
rCorr   +          Rampage  +   A - +0 pair of gloves
Will    .....                   (no barding)
Stlth   ..........              (no amulet)
HPRegen 0.27/turn               (no ring)
MPRegen 0.13/turn               (no ring)

@: berserking (expiring), lethally poisoned (-6 -> -8), heroic, flying,
invisible, curled up, very quick
A: large, rugged brown scales 3, see invisible, deformed body, roll 1, armoured
tail, reflexive curl
a: Rolling Charge, Renounce Religion, Heroism


You were on level 7 of the Dungeon.
You worshipped Okawaru.
Okawaru was most pleased with you.
You visited 2 branches of the dungeon, and saw 9 of its levels.

You collected 380 gold pieces.
You spent 172 gold pieces at shops.

Inventory:

Hand Weapons
 a - a +2 whip of flaming
   (You took it off a kobold on level 1 of the Dungeon)
 b - a +0 whip of electrocution (weapon)
   (You took it off a gnoll on level 7 of the Dungeon)
 u - a +0 morningstar
   (You took it off a gnoll on level 6 of the Dungeon)
Missiles
 h - a throwing net
 i - 4 atropa-tipped darts (quivered)
 y - 3 poisoned darts
Armour
 p - the +1 robe "Yfefrunn" (worn) {Rampage rCorr}
   (You found it on level 3 of the Dungeon)

   rCorr:     It protects you from acid and corrosion.
   Rampage:   It bestows one free step when moving towards enemies.
 w - a +1 tower shield of poison resistance
   (You bought it in a shop on level 5 of the Dungeon)
 A - a +0 pair of gloves (worn)
   (You found it on level 7 of the Dungeon)
Wands
 q - a wand of iceblast (5)
   (You found it on level 6 of the Dungeon)
Scrolls
 c - 2 scrolls of torment {unknown}
 d - 12 scrolls of identify {unknown}
 k - a scroll of amnesia {unknown}
 l - a scroll of silence {unknown}
 n - a scroll of enchant weapon {unknown}
 o - a scroll of butterflies {unknown}
 t - a scroll of blinking {unknown}
Potions
 f - a potion of attraction
 r - a potion of mutation {unknown}
 s - a potion of brilliance {unknown}
 v - a potion of curing {unknown}
 x - a potion of magic
 z - a potion of might
 B - a potion of lignification {unknown}


   Skills:
 - Level 4.6(9.6) Fighting
 + Level 7.6(12.6) Maces & Flails
 - Level 1.5(6.5) Dodging
 - Level 1.2(6.2) Stealth
 + Level 3.0(8.0) Shields
 - Level 2.0 Spellcasting
 - Level 6.0 Ice Magic
 - Level 6.2 Invocations


You had 5 spell levels left.
You knew the following spells:

 Your Spells              Type           Power      Damage    Failure   Level
a - Freeze                Ice            92%        1d10      1%          1
b - Ozocubu's Armour      Ice            23%        N/A       4%          3
c - Frozen Ramparts       Ice            46%        1d7       4%          3

Your spell library contained the following spells:

 Spells                   Type           Power      Damage    Failure   Level
 Hailstorm                Conj/Ice       12%        3d5       45%         4
 Cause Fear               Hex            0%         N/A       87%         4
 Dragon Form              Tmut           0%         N/A       100%        7
 Dragon's Call            Summ           Unusable   N/A       N/A         9

Dungeon Overview and Level Annotations

Branches:
Dungeon (8/15)             Temple (1/1) D:4
   Lair: D:8-11

Altars:
Ashenzari
Cheibriados
Dithmenos
Elyvilon
Fedhas
Hepliaklqana
Nemelex Xobeh
Okawaru
Ru
Sif Muna
Trog
Uskayaw
Wu Jian
Xom
Yredelemnul
The Shining One

Shops:
D:2 =[   D:5 *[   D:7 :

Annotations:
D:5 2 runed translucent doors, MeatBomb's ghost, novice TrFi


Innate Abilities, Weirdness & Mutations

You are completely covered in rugged brown scales. (AC +3, +7% HP)
You have supernaturally acute eyesight. (SInv)
Armour fits poorly on your strangely shaped body.
You can roll at nearby foes to attack.
You have a long armoured tail.
You curl defensively after being hit. (AC +7*)


Message History

You now have 330 gold pieces (gained 14).
Found an escape hatch in the floor.
An adder comes into view.
Search for what [Enter for "whip", or ? for help]? mace A scorpion comes into view.
The scorpion barely misses you.
You hit the scorpion. You burn the scorpion.
Your tail-slap misses the scorpion.
The scorpion is moderately wounded.
The adder hisses angrily.
The scorpion stings you.
You hit the scorpion. You burn the scorpion. You tail-slap the scorpion.
The scorpion is heavily wounded.
The scorpion closely misses you.
Casting: Frozen Ramparts (dangerous; 7% risk of failure)
Confirm with . or Enter, or press ? or * to list all spells.
A film of ice covers your body! The scorpion barely misses you.
Casting: Ozocubu's Armour (dangerous; 7% risk of failure)
Confirm with . or Enter, or press ? or * to list all spells.
Casting: Frozen Ramparts (dangerous; 7% risk of failure)
Press: ? - help, Dir - look around, f - activate The walls around you are covered in ice.
The wall freezes the scorpion.
The scorpion stings you but does no damage.
The wall freezes the scorpion.
The scorpion completely misses you.
You hit the scorpion. You burn the scorpion.
You kill the scorpion!
Okawaru accepts your kill.
Okawaru will now gift you throwing weapons as you gain piety.
The adder barely misses you.
You barely miss the adder. The adder bites you but does no damage.
You miss the adder. You tail-slap the adder.
The adder is lightly wounded.
The adder completely misses you.
You hit the adder. You burn the adder.
The adder is lightly wounded.
The adder bites you but does no damage.
You hit the adder but do no damage.
The adder is lightly wounded.
The adder barely misses you.
You hit the adder but do no damage. You tail-slap the adder.
The adder is moderately wounded.
The adder bites you but does no damage.
You hit the adder. You burn the adder.
The adder is heavily wounded.
The adder bites you but does no damage.
You whack the adder! You burn the adder.
You kill the adder!
Okawaru accepts your kill.
No target in view!
No target in view!
No target in view!
No target in view!
No target in view!
No target in view!
The frozen ramparts melt away.
Your icy armour starts to melt.
Your icy armour cracks and falls away as you move.
You open the large door.
An ogre comes into view. It is wielding a +0 giant club.
An ogre is nearby!
An ogre is nearby!
An ogre is nearby!
Casting: Frozen Ramparts (dangerous; 7% risk of failure)
Confirm with . or Enter, or press ? or * to list all spells.
Casting: Frozen Ramparts (dangerous; 7% risk of failure)
Press: ? - help, Dir - look around, f - activate The walls around you are covered in ice.
The wall freezes the ogre.
Casting: Frozen Ramparts (dangerous; 7% risk of failure)
Confirm with . or Enter, or press ? or * to list all spells.
A film of ice covers your body!
The wall freezes the ogre.
The ogre hits you with a +0 giant club!!
You hit the ogre. You burn the ogre. You tail-slap the ogre.
The ogre is almost dead.
You hit the ogre. You burn the ogre.
You kill the ogre!
Okawaru accepts your kill.
Your Invocations skill increases to level 6!
The frozen ramparts melt away.
Your icy armour starts to melt.
Your icy armour evaporates.
You see here a +0 giant club.
There is a large open door here.
There is a large open door here.
Key pressed, stopping explore.
There is an escape hatch in the ceiling here.
Done exploring.
Done exploring.
Done exploring.
There is a stone staircase leading down here.
You climb downwards.
There is a stone staircase leading up here.
You now have 343 gold pieces (gained 13).
A bullfrog comes into view.
A bullfrog is nearby!
A bullfrog is nearby!
Unknown command.
Search for what [Enter for "mace", or ? for help]? shiel Unknown command.
Roll where?
Press: ? - help, Dir - move target, f - bullfrog
Aim: a bullfrog (asleep)
You roll forward with a clatter of scales!
The bullfrog gives a loud, deep croak!
You closely miss the bullfrog. The bullfrog closely misses you.
The bullfrog hits you.
You hit the bullfrog. You burn the bullfrog.
The bullfrog is moderately wounded.
The bullfrog hits you.
An ice beast comes into view.
You hit the bullfrog. You burn the bullfrog.
The bullfrog is severely wounded.
The bullfrog hits you but does no damage.
You closely miss the bullfrog.
The bullfrog is severely wounded.
The bullfrog hits you but does no damage.
You whack the bullfrog! You burn the bullfrog.
You kill the bullfrog!
Okawaru accepts your kill.
You have reached level 9!
Your experience leads to an increase in your attributes!
Increase (S)trength, (I)ntelligence, or (D)exterity?
You feel clever. x2
There is a stone staircase leading up here.
You climb upwards.
There is a stone staircase leading down here.
(D) Dungeon (T) Temple
Where to? (Enter - D:6 @ (x,y), ? - help)
Okay, then.
HP restored.
There is a stone staircase leading up here.
You climb upwards.
Level annotation: 2 runed translucent doors, MeatBomb's ghost, novice TrFi
There is a stone staircase leading down here.
You see here a +0 shortbow.
Throw: 4 darts (atropa)
Press: ? - help, Q - select action, (/) - cycle Shift-Dir - straight line, f - orc warrior
Aim: an orc warrior, wielding a +0 arbalest, wearing a +0 plate armour and quivering poisoned darts (wandering, hasn't noticed you, 57% to hit, chance to blind on hit: 61%)
Okay, then.
You see here a +0 shortbow.
The orc shouts! x2; You hear a shout! x2
You see here a +0 shortbow.
There is a stone staircase leading down here.
You closely miss the orc. You hit the orc but do no damage.
The orc hits you with a +0 hand axe.
You hit the orc. You burn the orc.
You kill the orc!
Okawaru accepts your kill.
You hit the orc. You burn the orc.
You kill the orc!
Okawaru accepts your kill.
No target in view!
You now have 357 gold pieces (gained 14).
Items here: )) [ ††.
(D) Dungeon (T) Temple
Where to? (Enter - D:5 @ (x,y), ? - help)
You see here a +0 shortbow.
HP restored.
An orc wizard comes into view. It is wielding a +0 dagger.
The orc wizard shouts!
The orc wizard points at you and mumbles some strange words.
You easily resist.
You see here a +0 shortbow.
You start waiting.
An orc wizard is nearby!
Roll where?
Press: ? - help, Dir - move target, f - orc wizard
Aim: an orc wizard, wielding a +0 dagger and wearing a +0 robe You roll forward with a clatter of scales!
You hit the orc wizard. You burn the orc wizard.
The orc wizard is lightly wounded.
The orc wizard hits you but does no damage.
You hit the orc wizard. You burn the orc wizard.
The orc wizard is heavily wounded.
You closely miss the orc wizard.
The orc wizard is heavily wounded.
The orc wizard points at you and mumbles some strange words.
The magic dart hits you.
You barely miss the orc wizard.
Your tail-slap misses the orc wizard.
The orc wizard is heavily wounded.
The orc wizard casts a spell at you. The magic dart hits you!
You closely miss the orc wizard.
The orc wizard is heavily wounded.
The orc wizard hits you with a +0 dagger.
You barely miss the orc wizard.
Your tail-slap misses the orc wizard.
The orc wizard is heavily wounded.
You hit the orc wizard. You burn the orc wizard.
Your tail-slap misses the orc wizard.
The orc wizard is almost dead.
The orc wizard gestures at you while chanting.
The magic dart hits you.
You hit the orc wizard. You burn the orc wizard.
You kill the orc wizard!
Okawaru accepts your kill.
Items here: )) [ ††.
There is a stone staircase leading down here.
You start resting.
HP restored.
Items here: )) [ ††.
Things that are here:
a +0 dagger; a +0 robe
There is an open door here.
MeatBomb's ghost turns its malevolent gaze towards you.
There is an escape hatch in the ceiling, spattered with blood here.
There is an entrance to Tearucw's Antique Armour Shop here.
w - a +1 tower shield of poison resistance Thank you for shopping at Tearucw's Antique Armour Shop!
You start putting on your armour.
You continue putting on your +1 tower shield of poison resistance. x4
You finish putting on your +1 tower shield of poison resistance.
You feel resistant to poison.
You start removing your armour.
You continue taking off your +1 tower shield of poison resistance. x4
You finish taking off your +1 tower shield of poison resistance.
You no longer feel resistant to poison.
Unknown command.
Okay, then.
There is an escape hatch in the ceiling, spattered with blood here.
A mysterious force pulls you upwards. The hatch slams shut behind you.
There is a stone staircase leading down here.
You climb downwards.
Level annotation: 2 runed translucent doors, MeatBomb's ghost, novice TrFi
There is a stone staircase leading up here.
(D) Dungeon (T) Temple
Where to? (Enter - D:4 @ (x,y), ? - help)
There is an open door here.
There is a stone staircase leading down here.
You climb downwards.
There is a stone staircase leading up here.
Done exploring.
Done exploring.
There is a stone staircase leading down here.
You climb downwards.
There is a stone staircase leading up here.
An ice beast is nearby!
There is a stone staircase leading up here.
You climb upwards.
There is a stone staircase leading down here.
There is a stone staircase leading down here.
You climb downwards.
There is a stone staircase leading up here.
The gnoll shouts! x2; You hear a shout!
There are monsters nearby!
Casting: Ozocubu's Armour (dangerous; 5% risk of failure)
Confirm with . or Enter, or press ? or * to list all spells.
A film of ice covers your body!
Casting: Ozocubu's Armour (dangerous; 5% risk of failure)
Confirm with . or Enter, or press ? or * to list all spells.
Casting: Frozen Ramparts (dangerous; 5% risk of failure)
Press: ? - help, Dir - look around, f - activate The walls around you are covered in ice.
The wall freezes the gnoll.
The gnoll barely misses you.
The wall freezes the gnoll. x2; The gnoll closely misses you.
The wall freezes the gnoll.
You kill the gnoll!
Okawaru accepts your kill.
The wall freezes the gnoll but does no damage.
The wall freezes the gnoll but does no damage.
The wall freezes the gnoll sergeant but does no damage.
The wall freezes the gnoll.
The gnoll hits you but does no damage.
The wall freezes the gnoll.
The gnoll hits you with a +0 whip of electrocution.
The wall freezes the gnoll sergeant but does no damage.
The gnoll sergeant hits you from afar with a +2 spear of flaming.
The gnoll sergeant burns you. The heat melts your icy armour.
The wall freezes the gnoll sergeant but does no damage.
The gnoll sergeant barely misses you.
The wall freezes the gnoll.
The gnoll barely misses you.
You closely miss the gnoll. You punch the gnoll, but do no damage.
The gnoll is severely wounded.
The wall freezes the gnoll but does no damage.
The gnoll closely misses you.
The wall freezes the gnoll sergeant but does no damage.
The gnoll sergeant closely misses you.
You hit the gnoll but do no damage.
Your tail-slap misses the gnoll.
The gnoll is severely wounded.
You hit the gnoll. You burn the gnoll.
Your tail-slap misses the gnoll.
The gnoll is almost dead.
The frozen ramparts melt away.
The gnoll sergeant hits you from afar with a +2 spear of flaming!
The gnoll sergeant burns you. The gnoll hits you but does no damage.
You are electrocuted!
The heat melts your icy armour.
Your icy armour will break if you move.
Continue?
The gnoll attacks as you move away!
The gnoll hits you with a +0 whip of electrocution!
* * * LOW HITPOINT WARNING * * *
Your icy armour cracks and falls away as you move.
There is a stone staircase leading up here.
You climb upwards.
There is a stone staircase leading down here.
You start resting.
Magic restored.
You start resting.
HP restored.
You climb downwards.
The gnoll sergeant barely misses you.
The gnoll sergeant hits you with a +2 spear of flaming!
The gnoll sergeant burns you.
There is a stone staircase leading up here.
Unknown command.
Casting: Frozen Ramparts (dangerous; 5% risk of failure)
Confirm with . or Enter, or press ? or * to list all spells.
You don't know that spell.
The gnoll sergeant barely misses you.
You climb upwards.
There is a stone staircase leading down here.
Casting: Frozen Ramparts (dangerous; 5% risk of failure)
Confirm with . or Enter, or press ? or * to list all spells.
A film of ice covers your body! The gnoll sergeant closely misses you.
Casting: Ozocubu's Armour (dangerous; 5% risk of failure)
Confirm with . or Enter, or press ? or * to list all spells.
Casting: Frozen Ramparts (dangerous; 5% risk of failure)
Press: ? - help, Dir - look around, f - activate A stone staircase leading down.
The walls around you are covered in ice.
The wall freezes the gnoll sergeant but does no damage.
The gnoll sergeant barely misses you.
You hit the gnoll sergeant. You burn the gnoll sergeant.
The gnoll sergeant is lightly wounded.
You barely miss the gnoll sergeant. You tail-slap the gnoll sergeant.
The gnoll sergeant is moderately wounded.
The wall freezes the gnoll sergeant but does no damage.
The gnoll sergeant hits you but does no damage.
You hit the gnoll sergeant but do no damage.
Your tail-slap misses the gnoll sergeant.
The gnoll sergeant is moderately wounded.
The wall freezes the gnoll sergeant but does no damage.
The gnoll sergeant hits you but does no damage.
You hit the gnoll sergeant. You burn the gnoll sergeant.
You tail-slap the gnoll sergeant.
The gnoll sergeant is severely wounded.
You barely miss the gnoll sergeant.
The gnoll sergeant is severely wounded.
The wall freezes the gnoll sergeant but does no damage.
The gnoll sergeant hits you with a +2 spear of flaming.
The gnoll sergeant burns you. The heat melts your icy armour.
You hit the gnoll sergeant. You burn the gnoll sergeant.
The gnoll sergeant is almost dead.
The wall freezes the gnoll sergeant but does no damage.
The gnoll sergeant misses you.
You hit the gnoll sergeant but do no damage.
You tail-slap the gnoll sergeant, but do no damage.
The gnoll sergeant is almost dead.
The wall freezes the gnoll sergeant.
You kill the gnoll sergeant!
Okawaru accepts your kill.
Your icy armour cracks and falls away as you move.
The frozen ramparts melt away as you move.
Things that are here:
a +2 spear of flaming; a +0 scale mail
There is a stone staircase leading down here.
You start resting.
Magic restored.
You start resting.
HP restored.
You climb downwards.
The gnoll closely misses you.
There is a stone staircase leading up here.
Casting: Frozen Ramparts (dangerous; 5% risk of failure)
Confirm with . or Enter, or press ? or * to list all spells.
A film of ice covers your body!
The gnoll hits you with a +0 whip of electrocution.
Casting: Ozocubu's Armour (dangerous; 5% risk of failure)
Confirm with . or Enter, or press ? or * to list all spells.
Casting: Frozen Ramparts (dangerous; 5% risk of failure)
Press: ? - help, Dir - look around, f - activate Look: a gnoll, wielding a +0 whip of electrocution The walls around you are covered in ice.
The wall freezes the gnoll.
The gnoll hits you with a +0 whip of electrocution.
You barely miss the gnoll. You tail-slap the gnoll!
The gnoll is heavily wounded.
The wall freezes the gnoll.
The gnoll misses you.
You barely miss the gnoll. You tail-slap the gnoll.
You kill the gnoll!
Okawaru accepts your kill.
Your icy armour cracks and falls away as you move.
The frozen ramparts melt away as you move.
Things that are here:
a +0 whip of electrocution; a gnoll corpse
x - a +0 whip of electrocution Your +2 whip of flaming stops flaming.
You hear the crackle of electricity.
x - a +0 whip of electrocution (weapon)
HP restored.
Magic restored.
Things that are here:
a +2 halberd of venom; a gnoll skeleton A howler monkey comes into view.
A howler monkey is nearby!
A howler monkey is nearby!
Found a potion of might.
The howler monkey howls!
The howler monkey hoots and howls with incredible vigour!
There is an open door here.
You barely miss the howler monkey. You hit the howler monkey.
You tail-slap the howler monkey.
The howler monkey is moderately wounded.
The howler monkey hits you.
You barely miss the howler monkey.
The howler monkey is moderately wounded.
The howler monkey hits you but does no damage.
You barely miss the howler monkey. You tail-slap the howler monkey.
The howler monkey is heavily wounded.
The howler monkey hoots and howls with incredible vigour!
You barely miss the howler monkey.
The howler monkey is heavily wounded.
The howler monkey hits you.
You hit the howler monkey.
Your tail-slap misses the howler monkey.
The howler monkey is severely wounded.
The howler monkey hits you.
You barely miss the howler monkey.
The howler monkey is severely wounded.
The howler monkey hits you but does no damage.
You completely miss the howler monkey. You tail-slap the howler monkey.
The howler monkey is almost dead.
The howler monkey hits you.
You hit the howler monkey but do no damage.
You tail-slap the howler monkey, but do no damage.
The howler monkey is almost dead.
The howler monkey hits you but does no damage.
You hit the howler monkey but do no damage.
The howler monkey is almost dead.
You closely miss the howler monkey.
The howler monkey is almost dead.
The howler monkey closely misses you.
You closely miss the howler monkey.
The howler monkey is almost dead.
The howler monkey hits you.
You hit the howler monkey.
You kill the howler monkey!
Okawaru accepts your kill.
Your Shields skill increases to level 1!
No target in view!
You see here a howler monkey corpse.
z - a potion of might
Found a stone staircase leading down.
y - 3 poisoned darts
There is a stone staircase leading down here.
An orc comes into view. It is wielding a +0 hand axe.
You hit the orc. Lightning courses through the orc!
You kill the orc!
Okawaru accepts your kill.
No target in view!
A centaur comes into view.
Things that are here:
a +0 hand axe; an orc corpse A centaur is nearby!
A centaur is nearby!
An orc warrior and 3 orcs come into view.
The orc warrior is wielding a +0 scimitar of draining.
The orc warrior shouts!
The orc shouts! x2
Things that are here:
a +0 hand axe; an orc corpse
Casting: Frozen Ramparts (dangerous; 4% risk of failure)
Confirm with . or Enter, or press ? or * to list all spells.
Casting: Frozen Ramparts (dangerous; 4% risk of failure)
Press: ? - help, Dir - look around, f - activate The walls around you are covered in ice.
The wall freezes the orc warrior.
Casting: Frozen Ramparts (dangerous; 4% risk of failure)
Confirm with . or Enter, or press ? or * to list all spells.
A film of ice covers your body!
The wall freezes the orc warrior.
You hit the orc warrior.
The orc warrior is moderately wounded.
The wall freezes the orc.
The wall freezes the orc warrior but does no damage.
The orc warrior barely misses you.
You closely miss the orc warrior.
The orc warrior is moderately wounded.
The wall freezes the orc!
You kill the orc!
Okawaru accepts your kill.
The wall freezes the orc warrior.
The orc warrior hits you but does no damage.
You feel drained.
You hit the orc warrior.
Lightning courses through the orc warrior!
You kill the orc warrior!
Okawaru accepts your kill.
The wall freezes the orc.
Your life force feels restored.
Roll where?
Press: ? - help, Dir - move target, f - orc
Aim: an orc, wielding a +0 club and wearing a +0 leather armour (moderately wounded)
Your icy armour and frozen ramparts will break if you move.
Continue?
Okay, then.
The wall freezes the orc.
You kill the orc!
Okawaru accepts your kill.
You start resting.
HP restored.
You start resting.
The frozen ramparts melt away.
Your icy armour cracks and falls away as you move.
Things that are here:
a +0 scimitar of draining; a +0 chain mail; an orc corpse You start resting.
Magic restored.
Things that are here:
a +0 scimitar of draining; a +0 chain mail; an orc corpse
Items here: )) [ †.
Things that are here:
a +0 hand axe; an orc corpse You now have 195 gold pieces (gained 10).
A sky beast comes into view.
A sky beast is nearby!
The sky beast flickers out of sight for a moment.
The sky beast flickers out of sight for a moment.
Your +0 whip of electrocution stops crackling.
Your +2 whip of flaming bursts into flame!
h - a +2 whip of flaming (weapon)
Things that are here:
a +0 hand axe; an orc corpse
Casting: Ozocubu's Armour (dangerous; 4% risk of failure)
Confirm with . or Enter, or press ? or * to list all spells.
You don't know that spell.
You rampage towards the sky beast!
You whack the sky beast! You burn the sky beast.
The sky beast is moderately wounded.
The sky beast hits you but does no damage.
You barely miss the sky beast.
The sky beast is moderately wounded.
The sky beast hits you. The sky beast shocks you.
You closely miss the sky beast. You tail-slap the sky beast!
The sky beast is severely wounded.
You hit the sky beast. You burn the sky beast. Your punch misses the sky beast.
The sky beast is severely wounded.
The sky beast hits you. The sky beast shocks you.
You closely miss the sky beast.
The sky beast is severely wounded.
The sky beast closely misses you.
You barely miss the sky beast.
The sky beast is severely wounded.
The sky beast hits you but does no damage.
You miss the sky beast.
The sky beast is severely wounded.
You hit the sky beast. You burn the sky beast.
The sky beast is severely wounded.
The sky beast hits you but does no damage.
You closely miss the sky beast.
The sky beast is severely wounded.
The sky beast flickers out of sight for a moment.
The sky beast hits you. The sky beast shocks you.
You hit the sky beast but do no damage. You tail-slap the sky beast!
You kill the sky beast!
Okawaru accepts your kill.
Training target 6.0 for Ice Magic reached!
Your Ice Magic skill increases to level 6!
Items here: )) [ †.
Things that are here:
a +0 scimitar of draining; a +0 chain mail; an orc corpse Adjust (i)tems, (s)pells, or (a)bilities?
h - a +2 whip of flaming (weapon)
Adjust to which letter? (? for menu, Esc to quit)
a - a +2 whip of flaming (weapon);
h - a throwing net Adjust (i)tems, (s)pells, or (a)bilities?
x - a +0 whip of electrocution Adjust to which letter? (? for menu, Esc to quit)
b - a +0 whip of electrocution;
x - a potion of magic You start resting.
HP restored.
Things that are here:
a +0 scimitar of draining; a +0 chain mail; an orc corpse
Items here: )) [ †.
Things that are here:
a +0 hand axe; an orc corpse The centaur shouts!
The centaur wields a +0 shortbow.
The centaur shoots an arrow.
The arrow closely misses you.
Things that are here:
a +0 hand axe; an orc corpse You start waiting.
A centaur is nearby!
Roll where?
Press: ? - help, Dir - move target, f - centaur
Aim: a centaur, wielding a +0 shortbow You roll forward with a clatter of scales!
You barely miss the centaur.
The centaur unwields a +0 shortbow.
The centaur hits you but does no damage.
The centaur barely misses you. The centaur hits you.
The centaur barely misses you.
Casting: Ozocubu's Armour (dangerous; 4% risk of failure)
Confirm with . or Enter, or press ? or * to list all spells.
A film of ice covers your body! The centaur hits you.
The centaur kicks you but does no damage.
Casting: Ozocubu's Armour (dangerous; 4% risk of failure)
Confirm with . or Enter, or press ? or * to list all spells.
Casting: Frozen Ramparts (dangerous; 4% risk of failure)
Press: ? - help, Dir - look around, f - activate The walls around you are covered in ice.
The wall freezes the centaur.
The centaur hits you but does no damage.
The centaur kicks you but does no damage.
The wall freezes the centaur.
The centaur hits you but does no damage.
The centaur kicks you but does no damage.
You hit the centaur. You burn the centaur.
The centaur is moderately wounded.
The wall freezes the centaur.
The centaur hits you but does no damage.
The centaur kicks you but does no damage.
You hit the centaur. You burn the centaur.
The centaur is almost dead.
The wall freezes the centaur.
The centaur hits you but does no damage.
The centaur kicks you but does no damage.
You hit the centaur but do no damage.
The centaur is almost dead.
The wall freezes the centaur.
You kill the centaur!
Okawaru accepts your kill.
Your Shields skill increases to level 2!
Unknown command.
The frozen ramparts melt away.
HP restored.
Your icy armour starts to melt.
Your icy armour evaporates.
Magic restored.
Found a club.
Found a club.
Found a mace.
You see here the +5 halberd "Fusmadop" {elec, rPois Str+4}.
A - the +5 halberd "Fusmadop" {elec, rPois Str+4} You drop the +5 halberd "Fusmadop" {elec, rPois Str+4}.
An ufetubus comes into view.
Found 2 cyan potions.
The ufetubus shouts!
There is an open door here.
Roll where?
Press: ? - help, Dir - move target, f - ufetubus
Aim: an ufetubus You roll forward with a clatter of scales!
You whack the ufetubus! You burn the ufetubus.
You kill the ufetubus!
Okawaru accepts your kill.
g - 3 cyan potions (gained 2)
There is an open door here.
You open the door.
A white imp comes into view.
The white imp shouts, "Fly, thou mammering clay-brained vassal!"
The white imp gestures at you. The puff of frost hits you!
Found 13 gold pieces.
You rampage towards the white imp!
Roll where?
Press: ? - help, Dir - move target, f - white imp
Aim: a white imp You roll forward with a clatter of scales!
You hit the white imp. You burn the white imp.
The white imp is severely wounded.
The white imp hits you but does no damage.
You barely miss the white imp.
The white imp is severely wounded.
The white imp barely misses you.
You whack the white imp! You burn the white imp.
You kill the white imp!
Okawaru accepts your kill.
You now have 208 gold pieces (gained 13).
There is an open door here.
An orc and a bullfrog come into view.
Found 5 stones.
There are monsters nearby!
There are monsters nearby!
There's nothing you can charge at!
There is an open door here.
Roll where?
Press: ? - help, Dir - move target, f - orc
Aim: an orc, wielding a +0 short sword (asleep)
You roll forward with a clatter of scales!
The orc shouts!
You whack the orc! You burn the orc.
You kill the orc!
There is an open door here.
Found a pair of gloves.
You rampage towards the bullfrog!
Found a stone.
You see here a sedimented white potion.
There's nothing you can charge at!
Unknown command.
You rampage towards the bullfrog!
Roll where?
Press: ? - help, Dir - move target, f - bullfrog
Aim: a bullfrog (asleep)
You roll forward with a clatter of scales!
The bullfrog gives a loud, deep croak!
You hit the bullfrog. You burn the bullfrog.
Your tail-slap misses the bullfrog.
The bullfrog is lightly wounded.
The bullfrog hits you but does no damage.
You closely miss the bullfrog.
Your tail-slap misses the bullfrog.
The bullfrog is lightly wounded.
The bullfrog hits you but does no damage.
The bullfrog hits you.
You closely miss the bullfrog.
Your tail-slap misses the bullfrog.
The bullfrog is lightly wounded.
The bullfrog closely misses you.
Casting: Frozen Ramparts (dangerous; 4% risk of failure)
Confirm with . or Enter, or press ? or * to list all spells.
Aiming: Freeze (safe; 1% risk of failure)
Press: ? - help, Shift-Dir - straight line, f/p - bullfrog
Aim: a bullfrog (lightly wounded)
You freeze the bullfrog.
The bullfrog is lightly wounded.
The bullfrog hits you but does no damage.
You closely miss the bullfrog.
The bullfrog is lightly wounded.
The bullfrog barely misses you.
Casting: Freeze (safe; 1% risk of failure)
Confirm with . or Enter, or press ? or * to list all spells.
Aiming: Freeze (safe; 1% risk of failure)
Press: ? - help, Shift-Dir - straight line, f/p - bullfrog
Aim: a bullfrog (lightly wounded)
You freeze the bullfrog!
The bullfrog is heavily wounded.
The bullfrog seems to slow down.
The bullfrog hits you.
You hit the bullfrog. You burn the bullfrog.
The bullfrog is heavily wounded.
The bullfrog hits you but does no damage.
You whack the bullfrog! You burn the bullfrog.
You kill the bullfrog!
Okawaru accepts your kill.
A - a +0 pair of gloves You start putting on your armour.
You continue putting on your +0 pair of gloves. x4
You finish putting on your +0 pair of gloves.
Unknown command.
There is an open door here.
B - a sedimented white potion A white imp comes into view.
The white imp moves out of view.
An ice beast is nearby!
Okay, then.
Casting: Freeze (safe; 1% risk of failure)
Confirm with . or Enter, or press ? or * to list all spells.
A film of ice covers your body!
Casting: Ozocubu's Armour (dangerous; 4% risk of failure)
Confirm with . or Enter, or press ? or * to list all spells.
Casting: Frozen Ramparts (dangerous; 4% risk of failure)
Press: ? - help, Dir - look around, f - activate The walls around you are covered in ice.
The wall freezes the ice beast but does no damage.
You barely miss the ice beast. You closely miss the ice beast.
You tail-slap the ice beast.
The ice beast is lightly wounded.
The ice beast completely resists.
The wall freezes the ice beast but does no damage.
The ice beast hits you but does no damage.
You hit the ice beast.
You melt the ice beast.
The ice beast is moderately wounded.
The ice beast completely resists.
The wall freezes the ice beast but does no damage.
The ice beast hits you but does no damage.
You hit the ice beast.
You melt the ice beast.
You tail-slap the ice beast!
You kill the ice beast!
Okawaru accepts your kill.
No target in view!
No target in view!
The frozen ramparts melt away.
Your icy armour starts to melt.
Your icy armour evaporates.
An iguana and a centaur come into view.
Found a robe.
The iguana hisses angrily.
There are monsters nearby!
There are monsters nearby!
Roll where?
Press: ? - help, Dir - move target, f - iguana
Aim: an iguana You roll forward with a clatter of scales!
You hit the iguana. You burn the iguana.
The iguana is heavily wounded.
The iguana bites you but does no damage.
You barely miss the iguana.
The iguana is heavily wounded.
The iguana bites you!
You whack the iguana! You burn the iguana.
You kill the iguana!
Okawaru accepts your kill.
No target in view!
No target in view!
You see here an iguana corpse.
You start resting.
A white imp is nearby!
A white imp is nearby!
A white imp is nearby!
The white imp shouts, "Escape, thou pox-marked weather-bitten bugbear!"
You hear a shout!
There is an open door here.
You start resting.
A white imp is nearby!
Roll where?
Press: ? - help, Dir - move target, f - white imp
Aim: a white imp You roll forward with a clatter of scales!
You hit the white imp but do no damage.
The white imp hits you but does no damage.
You hit the white imp. You burn the white imp.
The white imp is severely wounded.
The white imp gestures at you. The puff of frost misses you.
You hit the white imp. You burn the white imp.
You kill the white imp!
Okawaru accepts your kill.
There is an open door here.
You start resting.
A gnoll bouda comes into view. It is wielding a +0 flail.
There is an open door here.
Your +2 whip of flaming stops flaming.
You hear the crackle of electricity.
b - a +0 whip of electrocution (weapon)
There is an open door here.
Roll where?
Press: ? - help, Dir - move target, f - gnoll bouda
Aim: a gnoll bouda, wielding a +0 flail and wearing a +0 robe (wandering, hasn't noticed you)
You roll forward with a clatter of scales! 2 gnolls come into view.
A gnoll is wielding the +9 whip of Xom's Pride {venom, rPois rN+ Will+ Int+2}.
The gnoll bouda shouts!
The gnoll shouts! x2
You hit the gnoll bouda.
Your tail-slap misses the gnoll bouda.
You punch the gnoll bouda, but do no damage.
The gnoll bouda is lightly wounded.
The gnoll bouda hits you but does no damage.
A gnoll comes into view. It is wielding a +0 halberd.
You barely miss the gnoll bouda.
The gnoll bouda is lightly wounded.
The gnoll bouda hits you with a +0 flail!
The gnoll throws a throwing net.
The throwing net completely misses you.
A gnoll comes into view. It is wielding a +0 flail.
The gnoll bouda barks out a call to the hunt!
The gnolls pick up the pace!
The gnoll shouts!
You hear a shout!
There is an open door here.
A gnoll comes into view. It is wielding a +0 halberd.
The gnoll shouts!
The gnoll bouda gazes fiercely through you!
You feel your attacks grow feeble.
The gnoll throws a throwing net.
The throwing net hits you.
You become entangled in the net!
You see here a throwing net.
You struggle against the net.
You struggle against the net.
The gnoll hits you from afar with a +0 halberd!
The gnoll bouda barely misses you.
You struggle against the net.
The gnoll hits you but does no damage.
The gnoll hits you from afar with a +0 halberd.
The gnoll bouda hits you with a +0 flail.
The gnoll hits you with a +0 whip.
You shred the net and break free!
Your attacks no longer feel as feeble.
The gnoll hits you with the +9 whip of Xom's Pride {venom, rPois rN+ Will+ Int+2}!
You are poisoned.
The gnoll hits you but does no damage.
The gnoll bouda hits you but does no damage.
The gnoll barely misses you.
Unknown command.
Okay, then.
Okay, then.
You feel very sick.
The gnoll is no longer moving quickly.
The gnoll hits you with the +9 whip of Xom's Pride {venom, rPois rN+ Will+ Int+2}!
* * * LOW HITPOINT WARNING * * *
You are lethally poisoned!
The gnoll hits you but does no damage.
Unknown command.
It was a potion of heal wounds.
You feel much better.
* * * LOW HITPOINT WARNING * * *
You feel extremely sick. The gnoll closely misses you.
The gnoll hits you from afar with a +0 halberd.
* * * LOW HITPOINT WARNING * * *
The gnoll bouda closely misses you. The gnoll hits you but does no damage.
The gnoll attacks as you move away! The gnoll hits you but does no damage.
You are more poisoned.
* * * LOW HITPOINT WARNING * * *
You feel extremely sick.
The gnoll hits you from afar with a +0 halberd!
* * * LOW HITPOINT WARNING * * *
There is an open door here.
You feel much better.
You feel very sick.
The gnoll is no longer moving quickly.
The gnoll barely misses you. The gnoll attacks as you move away!
The gnoll hits you with a +0 flail.
* * * LOW HITPOINT WARNING * * *
You feel very sick.
Casting: Frozen Ramparts (dangerous; 4% risk of failure)
Confirm with . or Enter, or press ? or * to list all spells.
You don't know that spell.
Casting: Frozen Ramparts (dangerous; 4% risk of failure)
Confirm with . or Enter, or press ? or * to list all spells.
A film of ice covers your body!
You feel very sick.
Casting: Ozocubu's Armour (dangerous; 4% risk of failure)
Confirm with . or Enter, or press ? or * to list all spells.
Casting: Frozen Ramparts (dangerous; 4% risk of failure)
Press: ? - help, Dir - look around, f - activate The walls around you are covered in ice.
You feel very sick.
The wall freezes the gnoll!
The wall freezes the gnoll.
The gnoll hits you with the +9 whip of Xom's Pride {venom, rPois rN+ Will+ Int+2}.
* * * LOW HITPOINT WARNING * * *
The wall freezes the gnoll but does no damage.
The gnoll closely misses you.
The wall freezes the gnoll.
The gnoll barely misses you.
The wall freezes the gnoll!
You feel much better.
You feel sick.
The gnoll is no longer moving quickly. x2
The wall freezes the gnoll.
The gnoll hits you with the +9 whip of Xom's Pride {venom, rPois rN+ Will+ Int+2}.
You are more poisoned.
The wall freezes the gnoll. x2; The gnoll closely misses you.
The wall freezes the gnoll.
The gnoll barely misses you.
You gain the combat prowess of a mighty hero.
You feel very sick.
The gnoll is no longer moving quickly.
The wall freezes the gnoll.
The gnoll hits you with the +9 whip of Xom's Pride {venom, rPois rN+ Will+ Int+2}!
* * * LOW HITPOINT WARNING * * *
The wall freezes the gnoll.
The wall freezes the gnoll but does no damage.
The gnoll closely misses you.
The wall freezes the gnoll.
The gnoll closely misses you.
You hit the gnoll.
You kill the gnoll!
Okawaru accepts your kill.
You feel sick.
The wall freezes the gnoll!
You kill the gnoll!
Okawaru accepts your kill.
The wall freezes the gnoll.
The gnoll hits you from afar with a +0 halberd!
* * * LOW HITPOINT WARNING * * *
The wall freezes the gnoll.
The gnoll completely misses you.
Aiming: Iceblast
Press: ? - help, Shift-Dir - straight line The mass of ice explodes!
The iceblast engulfs the gnoll!
You kill the gnoll!
Okawaru accepts your kill.
* * * LOW HITPOINT WARNING * * *
You feel very sick.
The wall freezes the centaur but does no damage.
The wall freezes the gnoll but does no damage.
The gnoll closely misses you.
Okay, then.
It was a potion of invisibility.
You fade into invisibility!
* * * LOW HITPOINT WARNING * * *
You feel sick.
The wall freezes the centaur.
The centaur wields a +0 shortbow.
The centaur shoots an arrow.
The arrow hits the gnoll bouda.
The wall freezes the gnoll bouda.
The gnoll bouda barely misses you.
The wall freezes the gnoll.
You kill the gnoll!
Okawaru accepts your kill.
The wall freezes the centaur.
It was a potion of flight.
You feel very buoyant.
You fly up into the air.
The frozen ramparts melt away.
* * * LOW HITPOINT WARNING * * *
You feel sick.
The gnoll bouda hits you but does no damage.
It was a potion of berserk rage.
A red film seems to cover your vision as you go berserk!
You feel yourself moving faster!
You feel mighty!
* * * LOW HITPOINT WARNING * * *
You feel sick. The gnoll bouda closely misses you.
You whack the gnoll bouda! You tail-slap the gnoll bouda.
The gnoll bouda is almost dead.
The gnoll bouda closely misses you.
You barely miss the gnoll bouda.
The gnoll bouda is almost dead.
You feel sick.
You hit the gnoll bouda.
You kill the gnoll bouda!
Okawaru accepts your kill.
Your base Shields skill increases to level 3!
Unknown command.
Your icy armour will break if you move.
Continue?
Okay, then.
Your icy armour will break if you move.
Continue?
Your icy armour cracks and falls away as you move.
You feel sick.
The centaur shouts!
There is an open door here.
Items here: )) [ †.
You are too berserk!
Unknown command.
You feel a strong urge to attack something.
The centaur shouts!
Things that are here:
a +0 whip; a gnoll corpse You feel sick.
The centaur shouts!
The centaur shoots an arrow.
The arrow hits you.
* * * LOW HITPOINT WARNING * * *
The gnoll closely misses you.
You whack the gnoll!
You kill the gnoll!
Okawaru accepts your kill.
* * * LOW HITPOINT WARNING * * *
You feel sick.
The centaur shoots an arrow.
The arrow hits you!
You die...

#.##....##......#...##..)...#
#.##...†#########..<##......# ..
#)#.g...# ######......#...
#...########## ######......#...
##...##.......## #...........####
...#....#####..###.######..###
......###...##.....##...##..#
..##.###.....##c..##.....##.# ###
#.##.##.......#.@.#.......#.# #..
#.##.##.......').)))......#.# #..
..#..##.......#..)#.......#.###..
### ####.....##...##.....##..##..
##...###...###...####.##.. #####
#...# ##### #..##..
##...###...###...###.###..
##.....##...##.....##.# #..
#.......#...#.......#.# #..


You could see a centaur (unable to see you).

Vanquished Creatures
  Grinder (D:6)
  Prince Ribbit (D:5)
  A water moccasin (D:7)
  A sky beast (D:7)
  A black bear (D:6)
  An orc warrior (D:7)
  2 ice beasts
  2 ogres (D:6)
  2 centaurs
  3 bullfrogs (D:7)
  A necrophage (D:7)
  A gnoll sergeant (D:6)
  4 scorpions
  A howler monkey (D:7)
  3 hounds
  A jelly (D:5)
  2 gnoll boudas
  2 orc priests (D:4)
  Natasha (twice) (D:4)
  2 iguanas
  2 orc wizards
  17 gnolls
  13 adders
  A shadow imp (D:5)
  3 white imps
  2 ufetubi
  A worm (D:2)
  4 dart slugs
  21 orcs
  3 ball pythons
  7 endoplasms
  12 goblins
  10 hobgoblins
  9 jackals
  3 quokkas
  4 bats
  5 frilled lizards
  4 kobolds
  3 rats
158 creatures vanquished.

Vanquished Creatures (others)
  Natasha (D:4)
1 creature vanquished.

Grand Total: 159 creatures vanquished

Notes
Turn   | Place    | Note
-------+----------+-------------------------------------------
     0 | D:1      | sleeves the Palentonga Ice Elementalist began the quest for
                  | the Orb.
     0 | D:1      | Reached XP level 1. HP: 13/13 MP: 3/3
   211 | D:1      | Reached skill level 1 in Maces & Flails
   214 | D:1      | Reached XP level 2. HP: 16/20 MP: 0/5
   540 | D:1      | Found a faded altar of an unknown god.
   679 | D:1      | Reached skill level 2 in Maces & Flails
   848 | D:1      | Reached XP level 3. HP: 21/25 MP: 0/6
  1404 | D:2      | Found Vuejihe's Jewellery Shoppe.
  1761 | D:2      | Reached skill level 3 in Maces & Flails
  1810 | D:2      | Found Wialeci's Antique Armour Emporium.
  2154 | D:3      | Identified the +1 robe "Yfefrunn" {Rampage rCorr}
  2183 | D:3      | Reached XP level 4. HP: 31/32 MP: 4/7
  2714 | D:3      | Reached skill level 4 in Maces & Flails
  2820 | D:3      | Noticed a scorpion
  2826 | D:3      | Killed a scorpion
  2827 | D:3      | Reached XP level 5. HP: 31/37 MP: 6/8
  3471 | D:4      | Reached skill level 5 in Maces & Flails
  3695 | D:4      | Found a staircase to the Ecumenical Temple.
  3797 | Temple   | Entered the Ecumenical Temple
  3851 | Temple   | Became a worshipper of Warmaster Okawaru
  3906 | D:4      | HP: 10/38 [orc priest/divine providence (14)]
  3911 | D:4      | HP: 9/38 [hobgoblin (2)]
  3914 | D:4      | HP: 4/38 [orc/+0 trident (3)]
  3915 | D:4      | HP: 1/38 [orc/+0 trident (3)]
  4243 | D:4      | Reached skill level 1 in Fighting
  4253 | D:4      | Reached XP level 6. HP: 30/46 MP: 4/9
  4546 | D:4      | Noticed Natasha
  4556 | D:4      | Killed Natasha
  4685 | D:4      | Reached skill level 2 in Fighting
  4926 | D:4      | Noticed Natasha
  4937 | D:4      | Killed Natasha
  5231 | D:5      | Entered Level 5 of the Dungeon
  5243 | D:5      | Reached skill level 6 in Maces & Flails
  5278 | D:5      | Noticed an ice beast
  5363 | D:5      | Noticed an orc warrior
  5474 | D:5      | Reached skill level 3 in Fighting
  5557 | D:5      | HP: 25/50 [ice beast (3)]
  5561 | D:5      | Killed an ice beast
  5561 | D:5      | Reached * piety under Okawaru
  5562 | D:5      | Gained mutation: You curl defensively after being hit. (AC
                  | +7*) [Palentonga growth]
  5562 | D:5      | Reached XP level 7. HP: 15/55 MP: 10/10
  5879 | D:5      | Found Tearucw's Antique Armour Shop.
  5887 | D:5      | Found a large runed translucent door.
  5889 | D:5      | Found a large runed translucent door.
  6003 | D:4      | Killed Natasha
  6123 | D:5      | HP: 25/55 [hound (3)]
  6129 | D:4      | HP: 24/55 [hound (2)]
  6483 | D:5      | Found Ipinger's Fire Supplies.
  6693 | D:5      | Noticed MeatBomb's ghost (novice TrFi)
  6713 | D:5      | Noticed Prince Ribbit
  6736 | D:5      | HP: 17/56 [Prince Ribbit (17)]
  6741 | D:5      | HP: 6/56 [Prince Ribbit (3)]
  6742 | D:5      | Killed Prince Ribbit
  6743 | D:5      | Reached skill level 4 in Fighting
  6743 | D:5      | Reached skill level 1 in Invocations
  7064 | D:5      | Reached skill level 7 in Maces & Flails
  7064 | D:5      | Reached skill level 2 in Invocations
  7271 | D:6      | Found a shimmering blue altar of Sif Muna.
  7355 | D:6      | Found a blossoming altar of Fedhas.
  7355 | D:6      | Found a basalt altar of Yredelemnul.
  7357 | D:6      | Found a broken altar of Ashenzari.
  7359 | D:6      | Found a snail-covered altar of Cheibriados.
  7360 | D:6      | Found a hide-covered altar of Uskayaw.
  7444 | D:6      | Learned a level 3 spell: Ozocubu's Armour
  7448 | D:6      | Learned a level 3 spell: Frozen Ramparts
  7508 | D:6      | Reached skill level 3 in Invocations
  7508 | D:6      | Reached XP level 8. HP: 39/65 MP: 8/11
  7777 | D:6      | Noticed Grinder
  7785 | D:6      | Paralysed by Grinder for 5 turns
  7889 | D:7      | HP: 30/65 [gnoll/+0 flail (9)]
  8071 | D:7      | Reached ** piety under Okawaru
  8072 | D:7      | Reached skill level 4 in Ice Magic
  8111 | D:7      | Found Gasubuch's Book Shop.
  8217 | D:7      | Reached skill level 4 in Invocations
  8220 | D:7      | HP: 32/65 [poisoned by a water moccasin]
  8225 | D:7      | HP: 28/65 [poisoned by a water moccasin]
  8490 | D:6      | HP: 32/65 [Grinder/nerve-wracking pain (9)]
  8499 | D:6      | Killed Grinder
  8500 | D:6      | Reached skill level 5 in Invocations
  8501 | D:6      | Found a sparkling altar of Nemelex Xobeh.
  8507 | D:6      | Reached skill level 5 in Ice Magic
  8901 | D:6      | Reached *** piety under Okawaru
  9358 | D:6      | Reached skill level 6 in Invocations
  9637 | D:7      | Reached XP level 9. HP: 63/70 MP: 13/13
  9894 | D:5      | Bought a glowing tower shield for 172 gold pieces
 10006 | D:7      | HP: 29/70 [gnoll/+0 whip of electrocution[a gnoll sergeant]
                  | (7)]
 10369 | D:7      | Reached skill level 1 in Shields
 10597 | D:7      | Reached skill level 6 in Ice Magic
 10728 | D:7      | Reached skill level 2 in Shields
 10817 | D:7      | Identified the +5 halberd "Fusmadop" {elec, rPois Str+4}
 11062 | D:7      | Identified the +9 whip of Xom's Pride {venom, rPois rN+
                  | Will+ Int+2}
 11076 | D:7      | HP: 32/70 [poisoned by a gnoll]
 11078 | D:7      | HP: 10/70 [gnoll/+0 halberd[a gnoll bouda] (8)]
 11084 | D:7      | HP: 33/70 [poisoned by a gnoll]
 11085 | D:7      | HP: 12/70 [gnoll/+0 halberd[a gnoll bouda] (9)]
 11088 | D:7      | HP: 5/70 [poisoned by a gnoll]
 11093 | D:7      | Reached skill level 3 in Shields
 11093 | D:7      | HP: 5/105 [poisoned by a gnoll]
 11095 | D:7      | HP: 2/105 [centaur/arrow (2)]
 11097 | D:7      | Shot with an arrow by a centaur

Illustrated notes

Levels and vault maps discovered:
D:1:      zelgadis_glass_arrival_small, layout_basic,
          hellmonk_ecumenical_altar_leap_of_faith
D:2:      layout_basic, serial_shops, shop_statue, nicolae_shop_stone
D:3:      layout_basic, serial_curves, eino_curves_01, eino_curves_03
D:4:      layout_loops_ring, lemuel_temple_firewalk_b, minmay_box_of_dots,
          uniq_natasha
D:5:      layout_basic, serial_shops, nicolae_shop_statue_plus,
          ebering_ghost_disaster_area, nicolae_shop_fire_sale
          [nicolae_sub_dead_trees], uniq_prince_ribbit1
D:6:      layout_cave_pods, minitemple, nemelex_dance_club_becter,
          kennysheep_cross_room, glass_columns_c, uniq_grinder
D:7:      kennysheep_six_static_rooms, layout_basic, serial_shops,
          nicolae_stop_n_shop_2, grunt_livestock
D:8:      layout_loops_ring, bloody_makhleb, mainiacjoe_overflow_cross_hatched,
          nicolae_overflow_squiral
Temple:   nicolae_temple_ecumenical_triangle

Skill      XL: |  1  2  3  4  5  6  7  8  9 |
---------------+----------------------------+-----
Maces & Flails | 1 2 3 4 5 6 7 |  7.6
Fighting       | 1 3 4 |  4.6
Invocations    | 3 6 |  6.2
Ice Magic      | 5 6 |  6.0
Shields        | 3 |  3.0
Dodging        | |  1.5
Stealth        | |  1.2
Spellcasting   | |  2.0

Action                   |  1- 3 |  4- 6 |  7- 9 || total
-------------------------+-------+-------+-------++-------
Melee: Unarmed           |    11 |       |       ||    11
       Whip              |    30 |    98 |   240 ||   368
       Tailslap          |     2 |    17 |    35 ||    54
       Punch             |       |     3 |     5 ||     8
Throw: Dart              |       |     5 |       ||     5
 Cast: Freeze            |    49 |    57 |     8 ||   114
       Ozocubu's Armour  |       |       |    15 ||    15
       Frozen Ramparts   |       |       |    13 ||    13
Invok: Heroism           |       |       |     3 ||     3
 Abil: Rolling Charge    |    11 |    24 |    23 ||    58
Evoke: Wand              |       |       |     1 ||     1
  Use: Scroll            |       |     2 |       ||     2
       Potion            |       |     1 |     8 ||     9
 Stab: Distracted        |     1 |       |       ||     1
       Sleeping          |       |     1 |     1 ||     2
Armor: Robe              |    27 |    22 |   109 ||   158
       Leather armour    |     3 |     7 |       ||    10
Dodge: Dodged            |    42 |    44 |   143 ||   229
